 Dungeon Crawl Stone Soup version 0.30-a0-1074-g5db6f66fbb (webtiles) character file.

Game seed: 18178655697338591513

5 BubbleThief the Trooper (level 1, -2/21 HPs)
             Began as a Naga Cinder Acolyte on Apr 13, 2023.
             Was a High Priest of Ignis.
             Slain by a quokka (4 damage)
             ... on level 1 of the Dungeon.
             The game lasted 00:00:17 (148 turns).

BubbleThief the Trooper (Naga Cinder Acolyte)        Turns: 148, Time: 00:00:18

Health: -2/21      AC:  1    Str: 16    XL:     1   Next: 80%
Magic:  2/2        EV:  9    Int: 14    God:    Ignis [*****.]
Gold:   14         SH:  0    Dex:  6    Spells: 2/2 levels left

rFire   + . .      SeeInvis +    a - -1 mace (flame)
rCold   . . .      Faith    .    (no shield)
rNeg    . . .      Spirit   .    b - +0 robe
rPois   +          Reflect  .    (no helmet)
rElec   .          Rampage  .    (no cloak)
rCorr   .                        (no gloves)
Will    .....                    (no barding)
Stlth   +                        (no amulet)
HPRegen 0.23/turn                (no ring)
MPRegen 0.08/turn                (no ring)

@: very slow
A: AC +0, large, see invisible, deformed body, poison resistance, slowness 2,
spit poison 1, naga tail 1
a: Spit Poison, Renounce Religion, Fiery Armour, Foxfire Swarm, Rising Flame


You were on level 1 of the Dungeon.
You worshipped Ignis.
Ignis was extremely pleased with you.
You visited 1 branch of the dungeon, and saw 1 of its levels.

You collected 14 gold pieces.

Inventory:

Hand Weapons
 a - a -1 mace of flaming (weapon)
Armour
 b - a +0 robe (worn)
Scrolls
 c - a scroll of identify {unknown}
Potions
 d - 3 potions of curing {unknown}


   Skills:
 + Level 3.2 Fighting
 + Level 3.2 Maces & Flails
 - Level 1.0 Spellcasting
 - Level 3.0 Fire Magic


You had 2 spell levels left.
You didn't know any spells.
Your spell library contained the following spells:

 Spells                   Type           Power      Damage    Failure   Level
 Scorch                   Fire           18%        2d6       12%         2


Dungeon Overview and Level Annotations

Branches:
Dungeon (1/15)

Altars:


Innate Abilities, Weirdness & Mutations

Your serpentine skin is tough. (AC +0)
You have supernaturally acute eyesight. (SInv)
Armour fits poorly on your strangely shaped body.
Your system is resistant to poisons. (rPois)
You cover ground very slowly.
You can spit poison.
You have a snake-like lower body.


Message History

You hit the rat. You burn the rat.
You kill the rat!
No target in view!
HP restored.
d - 3 emerald potions (gained 2)
A giant cockroach comes into view.
A giant cockroach is nearby!
The giant cockroach bites you. x2
There is an empty arch of ancient stone, spattered with blood here.
You hit the giant cockroach. You burn the giant cockroach.
You kill the giant cockroach!
No target in view!
No target in view!
A rat comes into view.
There is an empty arch of ancient stone here.
A kobold and a quokka come into view.
The kobold shouts!
You barely miss the rat. The rat closely misses you.
You closely miss the rat. The rat barely misses you.
You barely miss the rat. The rat barely misses you. The rat bites you.
You sock the rat! You burn the rat.
You kill the rat!
A dart slug comes into view.
The quokka barely misses you.
You miss the kobold. The quokka barely misses you.
The kobold barely misses you.
You miss the kobold. The quokka barely misses you.
The kobold barely misses you. The quokka misses you.
You completely miss the kobold. The kobold hits you with a +0 whip.
The quokka bites you.
You hit the kobold but do no damage. The kobold hits you with a +0 whip.
The quokka bites you. The kobold hits you with a +0 whip. The quokka bites you.
You hit the kobold but do no damage. The quokka bites you.
The kobold barely misses you.
You are too injured to fight recklessly!
The kobold attacks as you move away! The kobold hits you with a +0 whip.
The quokka bites you.
* * * LOW HITPOINT WARNING * * *
The quokka attacks as you move away! The quokka bites you.
You die...

....... .......
....... .......
.....w. .... .......
...... .......####
#.........
#Kr@.######.........
##.#∩..∩........∩...
#...............#..
###...............#
#...∩.._..8.(.#
#.............#
#.............#
#∩..8.....♣...###
#.................


You could see a quokka and a kobold.

Vanquished Creatures
  An endoplasm (D:1)
  A giant cockroach (D:1)
  A quokka (D:1)
  2 rats (D:1)
5 creatures vanquished.

Notes
Turn   | Place    | Note
-------+----------+-------------------------------------------
     0 | D:1      | BubbleThief the Naga Cinder Acolyte began the quest for the
                  | Orb.
     0 | D:1      | Reached XP level 1. HP: 21/21 MP: 2/2
    82 | D:1      | Found a faded altar of an unknown god.
   148 | D:1      | Slain by a quokka

Illustrated notes

Levels and vault maps discovered:
D:1:      dpeg_arrival_castle, layout_basic,
          hellmonk_ecumenical_altar_arch_garden, serial_shops, shop

Action                     || total
---------------------------++-------
  Melee: Mace              ||    19
  Dodge: Dodged            ||    13

Table legend: (Time is in decaauts)
 A = Elapsed time spent in this place.
 B = Non-inter-level travel time spent in this place.
 C = Inter-level travel time spent in this place.
 D = Time resting spent in this place.
 E = Time spent auto-exploring this place.
 F = Levels seen in this place.
 G = Mean time per level.
                   A        B        C        D        E       F      G
               +--------+--------+--------+--------+--------+-----+--------+
         Total |    189 |    189 |      0 |      0 |    146 |   1 |  189.0 |
       Dungeon |    189 |    189 |      0 |      0 |    146 |   1 |  189.0 |
               +--------+--------+--------+--------+--------+-----+--------+

Top non-repeatable levels by time:
     D:1: 189 daAuts
